 Dungeon Crawl Stone Soup version 0.27.1-33-g824d729ab1 (webtiles) character file.

Game seed: 9834580115455530122

80 potato4science the Sneak (level 4, 0/31 HPs)
             Began as an Octopode Brigand on Dec 22, 2021.
             Slain by an orc wizard (1 damage)
             ... on level 4 of the Dungeon.
             The game lasted 00:09:35 (2935 turns).

potato4science the Sneak (Octopode Brigand)         Turns: 2935, Time: 00:09:36

Health: 0/31       AC:  1    Str: 11    XL:     4   Next: 39%
Magic:  4/4        EV: 13    Int: 13    God:
Gold:   122        SH:  0    Dex: 13    Spells: 3/3 levels left

rFire    . . .     SeeInvis .   a - +2 dagger
rCold    . . .     Faith    .   (no shield)
rNeg     . . .     Spirit   .   (helmet restricted)
rPois    .         Reflect  .   g - amulet of the acrobat
rElec    .         Harm     .   (no ring)
rCorr    .         Rampage  .   (no ring)
Will     .....                  (no ring)
Stlth    ++++......             (no ring)
HPRegen  0.10/turn              (no ring)
MPRegen  0.09/turn              (no ring)
                                (no ring)
                                (no ring)

@: no status effects
A: almost no armour, amphibious, 8 rings, camouflage 1, gelatinous body 1,
(nimble swimmer 1), tentacles
a: no special abilities


You were on level 4 of the Dungeon.
You visited 1 branch of the dungeon, and saw 4 of its levels.

You collected 122 gold pieces.

Inventory:

Hand Weapons
 a - a +2 dagger (weapon)
Missiles
 b - 8 poisoned darts
 c - 2 curare-tipped darts
 f - 90 stones (quivered)
Jewellery
 g - an amulet of the acrobat (around mantle)
Scrolls
 d - 2 scrolls of teleportation
Potions
 j - 2 potions of curing
 k - a potion of lignification
 m - a potion of attraction


   Skills:
 - Level 3.0 Fighting
 - Level 3.0 Short Blades
 - Level 2.0 Throwing
 - Level 2.0 Dodging
 + Level 5.8 Stealth


You had 3 spell levels left.
You didn't know any spells.
Your spell library was empty.

Dungeon Overview and Level Annotations

Branches:
Dungeon (4/15)
 Temple: D:4-7

Altars:
Qazlal

Shops:
D:3 (

Annotations:
D:4 Edmund


Innate Abilities, Weirdness & Mutations

You cannot wear most types of armour.
You are amphibious.
You can wear up to eight rings at the same time.
Your skin changes colour to match your surroundings (Stealth+).
Your rubbery body absorbs attacks. (AC +1, EV +1)
((You are camouflaged near water. (Stealth+)))
You have tentacles for arms and can constrict up to eight enemies at once.


Message History

The orc wizard shouts!
You hit the orc. Your grab misses the orc.
The orc is severely wounded.
The orc closely misses you.
You hit the orc.
You kill the orc!
The orc wizard gestures wildly while chanting.
The orc wizard flickers and vanishes!
Deactivating autopickup; reactivate with Ctrl-A.
You throw a stone. The stone hits the orc.
The orc is heavily wounded.
You throw a stone. The stone hits the orc.
The orc is almost dead.
You throw a stone. The stone barely misses the orc.
You are confused.
You hit the orc.
You kill the orc!
You bump into the rock wall.
A magic dart appears from out of thin air!
The magic dart hits you.
You bump into the rock wall.
You hear some strange, mumbled words.
You are more confused.
You bump into the rock wall.
Something hits you.
Items here: )) ? †.
You bump into the rock wall.
Something hits you.
You bump into the rock wall.
Something hits you.
You barely miss something. Something completely misses you.
You bump into the rock wall.
Something hits you.
* * * LOW HITPOINT WARNING * * *
You hit something but do no damage. Your squeeze misses something.
Something hits you.
* * * LOW HITPOINT WARNING * * *
You're too confused to move!
Something hits you.
* * * LOW HITPOINT WARNING * * *
You hit something but do no damage. You squeeze something!
You feel less confused. Something hits you.
You die...

*,,,* *,,* *,* *,,,* **,** *,*
***** *,,* *,* ### *******,***,*
#.# *,,,,,,,,,,,, #.#
*,*****,***,* #.# *,#,,,,,,,,,*
#.#########.#,#***,,*,*
#.)...@{.(#'#'## *,,*,*
#######..(.....#**,,*,*
#...(....##,,,,,*
#######.....((...,,,,,*
#.....#.....(..#*,,,,,*
###########.....#........#*,,,,,*
......))........'........##***,,*
.################).......'.,,,,,*
.........................#*****,*


There were no monsters in sight!

Vanquished Creatures
  A hound skeleton (D:4)
  2 worms (D:3)
  7 orcs
  A ball python (D:1)
  7 endoplasms
  A giant cockroach (D:3)
  5 goblins
  8 hobgoblins
  A quokka (D:3)
  A bat (D:1)
  4 frilled lizards
  6 kobolds
  4 rats
48 creatures vanquished.

Notes
Turn   | Place    | Note
-------+----------+-------------------------------------------
     0 | D:1      | potato4science the Octopode Brigand began the quest for the
                  | Orb.
     0 | D:1      | Reached XP level 1. HP: 14/14 MP: 1/1
   214 | D:1      | Reached XP level 2. HP: 19/19 MP: 2/2
   461 | D:1      | Found a faded altar of an unknown god.
   712 | D:1      | Reached XP level 3. HP: 25/25 MP: 3/3
  1571 | D:3      | Found Eru Vecve's Weapon Emporium.
  2206 | D:3      | Found a stormy altar of Qazlal.
  2706 | D:4      | Reached XP level 4. HP: 30/31 MP: 4/4
  2833 | D:4      | Noticed Edmund
  2934 | D:4      | HP: 1/31 [something (1)]
  2935 | D:4      | Slain by an orc wizard

Illustrated notes

Levels and vault maps discovered:
D:1:      lightli_arrival_farm, layout_rooms, dilly_ecumenical_altar_fadedgnrine
D:2:      layout_basic
D:3:      layout_basic, nicolae_overflow_hidden_temple, serial_shops, shop,
          roderic_lattice_a
D:4:      layout_basic, mainiacjoe_overflow_brackets, zin_scriptorium,
          uniq_grinder, uniq_edmund

Skill      XL: |  1  2  3 |
---------------+----------+-----
Dodging        | 2 |  2.0
Fighting       | 3 |  3.0
Short Blades   | 3 |  3.0
Throwing       | |  2.0
Stealth        | |  5.8

Action                   |  1- 3 |  4- 6 || total
-------------------------+-------+-------++-------
Melee: Dagger            |    73 |    20 ||    93
       Constrict         |    13 |     4 ||    17
       Tentacles         |     8 |     4 ||    12
Throw: Stone             |    18 |     7 ||    25
  Use: Scroll            |     8 |       ||     8
 Stab: Sleeping          |    14 |     2 ||    16
Dodge: Dodged            |    29 |     7 ||    36
